Detroit Red Wings vs Dallas Stars
Created - Tuesday, September 23, 2025 at 08:43
Goals
|
| Detroit Red Wings |
1 |
0 |
0 |
1 |
| Dallas Stars |
4 |
2 |
1 |
7 |
|
Shots
|
| Detroit Red Wings |
6 |
13 |
7 |
26 |
| Dallas Stars |
19 |
16 |
10 |
45 |
|
1st period
1. Dallas Stars , Joel Kiviranta 4 (Philip Tomasino 6) at 5:43
2. Dallas Stars , Elias Lindholm 22 (Rasmus Ristolainen 13, Josh Anderson 13) at 9:40 (SH)
3. Detroit Red Wings , Tanner Pearson 12 (Rasmus Kupari 11, Cole Sillinger 6) at 10:21 (PP)
4. Dallas Stars , Josh Anderson 16 (Elias Lindholm 24, Arber Xhekaj 4) at 13:30
5. Dallas Stars , Brendan Gallagher 13 (Elias Lindholm 25, Arber Xhekaj 5) at 15:41
Penalties :
Shayne Gostisbehere (DET) for Holding Stick (Minor) at 3:09, Jordan Greenway (DAL) for Holding (Minor) at 8:42, Jackson LaCombe (DET) for Cross-checking (Minor) at 17:34
2nd period
6. Dallas Stars , Jordan Greenway 9 (Dougie Hamilton 18, Luke Kunin 20) at 1:49
7. Dallas Stars , Luke Kunin 19 (Jordan Greenway 16, Jordan Martinook 19) at 17:24
Penalties :
Alex Lyon (DAL) for Slashing (Minor) at 10:05 - Trent Frederic served the penalty, Ryan Graves (DET) for High sticking (Minor) at 13:51
3rd period
8. Dallas Stars , Trent Frederic 6 (Alex Iafallo 9, Jack Drury 9) at 2:05
Penalties :
Jordan Greenway (DAL) for Fighting (Major) at 2:13, Cole Sillinger (DET) for Fighting (Major) at 2:13, Cam York (DAL) for Fighting (Major) at 4:54, Jayden Struble (DET) for Fighting (Major) at 4:54
Goalie Stats
Vitek Vanecek (DET), 17 saves from 19 shots - (0.895), 32:06 minutes
Laurent Brossoit (DET), 21 saves from 26 shots - (0.808), L, 14-10-3, 27:54 minutes
Alex Lyon (DAL), 25 saves from 26 shots - (0.962), W, 15-6-1, 60:00 minutes
Players Stats for Detroit Red Wings
Player Name G A P +/- PIM S H SB GA TA FO MP PP MP PK MP
------------------------------------------------------------------------------------
Cole Sillinger 0 1 1 -4 5 1 3 0 1 0 12/25 19:21 2:00 2:48
Conor Timmins 0 0 0 -2 0 0 0 0 0 0 0/0 16:50 1:51 2:23
Cutter Gauthier 0 0 0 -1 0 5 1 0 0 0 1/2 17:52 1:31 0:00
Jackson LaCombe 0 0 0 -2 2 2 1 0 1 1 0/0 27:07 1:47 1:56
Jamie Drysdale 0 0 0 -2 0 0 1 0 0 0 0/0 12:40 1:47 1:56
Jayden Struble 0 0 0 -3 5 0 0 0 0 1 0/0 14:48 0:00 1:41
Kasperi Kapanen 0 0 0 -1 0 0 1 0 0 0 0/0 9:58 0:07 0:00
Kevin Stenlund 0 0 0 -1 0 0 1 0 2 1 2/3 16:23 0:07 2:40
Max Pacioretty 0 0 0 -4 0 0 3 0 1 2 0/3 15:00 0:00 0:00
Patrick Kane 0 0 0 -1 0 4 0 0 1 0 0/0 18:14 1:31 0:00
Peyton Krebs 0 0 0 -1 0 2 1 0 0 0 0/0 11:28 0:00 0:00
Rasmus Kupari 0 1 1 -1 0 2 1 0 2 0 1/1 13:17 2:00 2:49
Ryan Graves 0 0 0 -3 2 1 1 2 0 0 0/0 24:58 0:00 1:46
Shayne Gostisbehere 0 0 0 -2 2 3 2 3 0 0 0/0 19:46 1:51 2:12
Steven Stamkos 0 0 0 -1 0 2 3 0 0 0 8/16 20:26 1:31 3:05
Tanner Pearson 1 0 1 -4 0 2 0 1 0 1 1/2 18:37 2:00 0:00
Vasili Podkolzin 0 0 0 -1 0 2 1 1 0 0 0/0 11:55 0:07 0:00
Yakov Trenin 0 0 0 -1 0 0 0 0 0 0 0/0 5:18 0:00 0:32
Players Stats for Dallas Stars
Player Name G A P +/- PIM S H SB GA TA FO MP PP MP PK MP
------------------------------------------------------------------------------------
Alex Iafallo 0 1 1 1 0 2 1 0 2 0 0/0 13:17 0:08 0:00
Arber Xhekaj 0 2 2 3 0 0 6 0 0 0 0/0 15:29 0:00 0:00
Brendan Gallagher 1 0 1 2 0 4 1 0 1 0 0/0 18:39 2:55 1:44
Cam York 0 0 0 3 5 0 0 0 0 0 0/0 14:22 0:00 0:00
Dougie Hamilton 0 1 1 3 0 1 0 1 1 1 0/0 22:25 3:08 1:39
Elias Lindholm 1 2 3 3 0 5 2 0 0 0 8/17 18:42 3:03 1:39
Jack Drury 0 1 1 1 0 0 0 1 0 1 9/14 13:20 0:00 0:16
Jakob Chychrun 0 0 0 1 0 2 0 1 0 2 0/0 22:14 2:49 1:59
Joel Kiviranta 1 0 1 1 0 4 0 0 0 0 0/1 9:07 0:08 0:00
Jonatan Berggren 0 0 0 1 0 2 1 0 0 0 0/0 8:39 0:00 0:00
Jordan Greenway 1 1 2 2 7 3 3 0 0 0 1/2 17:24 2:54 0:15
Jordan Martinook 0 1 1 2 0 7 1 0 0 1 1/3 19:20 2:54 1:44
Josh Anderson 1 1 2 3 0 4 2 0 0 1 0/0 18:33 2:55 1:38
Luke Kunin 1 1 2 2 0 3 3 0 0 0 7/14 17:36 2:54 0:00
Philip Tomasino 0 1 1 1 0 1 0 1 0 0 1/1 8:39 0:00 0:00
Rasmus Ristolainen 0 1 1 3 0 3 2 0 1 0 0/0 22:56 3:08 1:39
Trent Frederic 1 0 1 1 0 2 1 0 1 0 0/0 13:04 0:00 0:00
Trevor van Riemsdyk 0 0 0 1 0 2 0 0 0 2 0/0 22:33 2:49 1:59
3 Stars
1 - Elias Lindholm (DAL)
2 - Arber Xhekaj (DAL)
3 - Josh Anderson (DAL)
Power Play
Detroit Red Wings - 1 on 2 Attempt(s) - 50.00%
Dallas Stars - 0 on 3 Attempt(s) - 0.00%
Penalty Kill
Detroit Red Wings - 3 on 3 Attempt(s) - 100.00%
- Score 0 goal in Penalty Kill
Dallas Stars - 1 on 2 Attempt(s) - 50.00%
- Score 1 goal in Penalty Kill
Team Stat
Detroit Red Wings - Hits : 20 - Faceoff Wins : 25 - Blocked Shots : 7 - Penalty Minutes : 16
Dallas Stars - Hits : 23 - Faceoff Wins : 27 - Blocked Shots : 4 - Penalty Minutes : 14
Official
Referees : Gord Dwyer and Brian Pochmara
Linesman : Derek Nansen and Kyle Flemington
Game Notes
Laurent Brossoit is injured at 7:54 of 2nd period (Bruised Left Foot)
Vitek Vanecek enters game at 7:54 of 2nd period
Jamie Drysdale is injured at 13:35 of 2nd period (Bruised Left Leg)
Yakov Trenin is injured at 15:59 of 2nd period (Left Hand)
Cole Sillinger beats up Jordan Greenway at 2:13 of 3rd period
Cam York and Jayden Struble fight to a draw at 4:54 of 3rd period
Finance
Level 1 -- Attendance: 5820 (97.00%) -- Ticket Income $523,800
Level 2 -- Attendance: 4504 (90.08%) -- Ticket Income $225,200
Level 3 -- Attendance: 2937 (97.90%) -- Ticket Income $88,110
Level 4 -- Attendance: 3903 (78.06%) -- Ticket Income $97,575
Luxury Box -- Attendance: 959 (95.90%) -- Ticket Income $182,210
Game was played at the American Airlines Center.
Total Attendance: 18123 (90.62%)
Total Ticket Income: $1,116,895
Other Income: $390,913
Total Income: $1,507,808
Detroit Red Wings
5 vs 5 Forward
Center Left Wing Right Wing Time % Phy DF OF
1 Steven Stamkos Cutter Gauthier Patrick Kane 35 1 2 2
2 Cole Sillinger Tanner Pearson Max Pacioretty 35 1 1 3
3 Kevin Stenlund Peyton Krebs Yakov Trenin 20 1 2 2
4 Rasmus Kupari Vasili Podkolzin Kasperi Kapanen 10 2 2 1
5 vs 5 Defense
Defense Defense Time % Phy DF OF
1 Ryan Graves Jackson LaCombe 40 1 2 2
2 Jamie Drysdale Shayne Gostisbehere 30 1 2 2
3 Conor Timmins Jayden Struble 20 3 1 1
4 Jamie Drysdale Jackson LaCombe 10 1 2 2
PowerPlay Forward
Center Left Wing Right Wing Time % Phy DF OF
1 Steven Stamkos Cutter Gauthier Patrick Kane 50 0 1 4
2 Cole Sillinger Tanner Pearson Rasmus Kupari 50 0 1 4
PowerPlay Defense
Defense Defense Time % Phy DF OF
1 Jamie Drysdale Jackson LaCombe 50 1 2 2
2 Conor Timmins Shayne Gostisbehere 50 1 2 2
Penalty Kill 4 Players Forward
Center Wing Time % Phy DF OF
1 Steven Stamkos Rasmus Kupari 50 2 2 1
2 Cole Sillinger Kevin Stenlund 50 2 2 1
Penalty Kill 4 Players Defense
Defense Defense Time % Phy DF OF
1 Ryan Graves Jackson LaCombe 50 2 2 1
2 Conor Timmins Shayne Gostisbehere 50 2 2 1
Penalty Kill - 3 Players Forward
Forward Time % Phy DF OF
1 Steven Stamkos 50 1 2 2
2 Cole Sillinger 50 1 2 2
Penalty Kill - 3 Players Defense
Defense Defense Time % Phy DF OF
1 Ryan Graves Jackson LaCombe 50 1 2 2
2 Conor Timmins Jamie Drysdale 50 2 2 1
4 vs 4 Forward
Center Wing Time % Phy DF OF
1 Cutter Gauthier Cole Sillinger 60 1 2 2
2 Steven Stamkos Patrick Kane 40 1 1 3
4 vs 4 Defense
Defense Defense Time % Phy DF OF
1 Jamie Drysdale Jackson LaCombe 60 1 2 2
2 Ryan Graves Shayne Gostisbehere 40 1 2 2
Last Minutes Offensive
Center Left Wing Right Wing Defense Defense
Steven Stamkos Cutter Gauthier Patrick Kane Jamie Drysdale Jackson LaCombe
Last Minutes Defensive
Center Left Wing Right Wing Defense Defense
Steven Stamkos Cole Sillinger Patrick Kane Jamie Drysdale Jackson LaCombe
Goaltenders
Starting : Laurent Brossoit
Backup : Vitek Vanecek
Extra Forwards
Normal : Kevin Stenlund, Peyton Krebs, Tanner Pearson - PP : Kevin Stenlund, Tanner Pearson - PK : Yakov Trenin
Extra Defensemen
Normal : Shayne Gostisbehere, Jamie Drysdale, Ryan Graves - PP : Shayne Gostisbehere - PK : Shayne Gostisbehere, Jamie Drysdale
Penalty Shots
Steven Stamkos, Patrick Kane, Cutter Gauthier, Max Pacioretty, Rasmus Kupari
Scratches
Daniel Torgersson (Healthy), Christian Fischer (Healthy), Raphael Lavoie (Healthy), Ville Husso (Healthy)
Dallas Stars
5 vs 5 Forward
Center Left Wing Right Wing Time % Phy DF OF
1 Elias Lindholm Josh Anderson Brendan Gallagher 30 1 2 2
2 Luke Kunin Jordan Martinook Jordan Greenway 30 1 2 2
3 Jack Drury Alex Iafallo Trent Frederic 25 1 2 2
4 Philip Tomasino Joel Kiviranta Jonatan Berggren 15 1 2 2
5 vs 5 Defense
Defense Defense Time % Phy DF OF
1 Rasmus Ristolainen Dougie Hamilton 35 1 2 2
2 Trevor van Riemsdyk Jakob Chychrun 35 1 2 2
3 Arber Xhekaj Cam York 30 1 2 2
4 Rasmus Ristolainen Dougie Hamilton 0 1 2 2
PowerPlay Forward
Center Left Wing Right Wing Time % Phy DF OF
1 Elias Lindholm Josh Anderson Brendan Gallagher 50 1 2 2
2 Luke Kunin Jordan Martinook Jordan Greenway 50 1 2 2
PowerPlay Defense
Defense Defense Time % Phy DF OF
1 Rasmus Ristolainen Dougie Hamilton 50 1 2 2
2 Trevor van Riemsdyk Jakob Chychrun 50 1 2 2
Penalty Kill 4 Players Forward
Center Wing Time % Phy DF OF
1 Elias Lindholm Josh Anderson 50 1 2 2
2 Jordan Martinook Brendan Gallagher 50 1 2 2
Penalty Kill 4 Players Defense
Defense Defense Time % Phy DF OF
1 Rasmus Ristolainen Dougie Hamilton 50 1 2 2
2 Trevor van Riemsdyk Jakob Chychrun 50 1 2 2
Penalty Kill - 3 Players Forward
Forward Time % Phy DF OF
1 Elias Lindholm 50 1 2 2
2 Josh Anderson 50 1 2 2
Penalty Kill - 3 Players Defense
Defense Defense Time % Phy DF OF
1 Rasmus Ristolainen Dougie Hamilton 50 1 2 2
2 Trevor van Riemsdyk Jakob Chychrun 50 1 2 2
4 vs 4 Forward
Center Wing Time % Phy DF OF
1 Elias Lindholm Josh Anderson 50 1 2 2
2 Jordan Martinook Brendan Gallagher 50 1 2 2
4 vs 4 Defense
Defense Defense Time % Phy DF OF
1 Rasmus Ristolainen Dougie Hamilton 50 1 2 2
2 Trevor van Riemsdyk Jakob Chychrun 50 1 2 2
Last Minutes Offensive
Center Left Wing Right Wing Defense Defense
Elias Lindholm Josh Anderson Brendan Gallagher Rasmus Ristolainen Dougie Hamilton
Last Minutes Defensive
Center Left Wing Right Wing Defense Defense
Elias Lindholm Josh Anderson Brendan Gallagher Rasmus Ristolainen Dougie Hamilton
Goaltenders
Starting : Alex Lyon
Backup : Marc-Andre Fleury
Extra Forwards
Normal : Alex Iafallo, Joel Kiviranta, Jack Drury - PP : Alex Iafallo, Joel Kiviranta - PK : Jack Drury
Extra Defensemen
Normal : Rasmus Ristolainen, Cam York, Trevor van Riemsdyk - PP : Dougie Hamilton - PK : Cam York, Trevor van Riemsdyk
Penalty Shots
Elias Lindholm, Josh Anderson, Jordan Martinook, Brendan Gallagher, Alex Iafallo
Scratches
Filip Chytil (Healthy), Jonas Siegenthaler (Healthy), Semyon Varlamov (Healthy)
% Time on Ice - Detroit Red Wings
Lines # - Real PCT - Wanted PCT - Time Play
Normal Forward
1 - 32% - 35% - 15:58
2 - 28% - 35% - 13:52
3 - 26% - 20% - 12:52
4 - 15% - 10% - 7:43
Normal Defense
1 - 32% - 40% - 16:02
2 - 34% - 30% - 17:23
3 - 20% - 20% - 10:19
4 - 13% - 10% - 6:41
PP Forward
1 - 45% - 50% - 1:38
2 - 55% - 50% - 2:00
PP Defense
1 - 49% - 50% - 1:47
2 - 51% - 50% - 1:51
PK Forward
1 - 52% - 50% - 3:06
2 - 48% - 50% - 2:51
PK Defense
1 - 54% - 50% - 3:12
2 - 46% - 50% - 2:45
PK3 Forward
1 - 0% - 50%
2 - 0% - 50%
PK3 Defense
1 - 0% - 50%
2 - 0% - 50%
44 Forward
1 - 0% - 60%
2 - 0% - 40%
44 Defense
1 - 0% - 60%
2 - 0% - 40%
Last Minute Offensive - 0:00
Last Minute Defensive - 0:00
Total
Forward - 60:00
Defense - 60:00
|
% Time on Ice - Dallas Stars
Lines # - Real PCT - Wanted PCT - Time Play
Normal Forward
1 - 30% - 30% - 15:04
2 - 29% - 30% - 14:42
3 - 24% - 25% - 12:00
4 - 17% - 15% - 8:39
Normal Defense
1 - 35% - 35% - 17:25
2 - 33% - 35% - 16:48
3 - 32% - 30% - 16:12
4 - 0% - 0% - 0:00
PP Forward
1 - 51% - 50% - 3:03
2 - 49% - 50% - 2:54
PP Defense
1 - 53% - 50% - 3:08
2 - 47% - 50% - 2:49
PK Forward
1 - 52% - 50% - 1:54
2 - 48% - 50% - 1:44
PK Defense
1 - 45% - 50% - 1:39
2 - 55% - 50% - 1:59
PK3 Forward
1 - 0% - 50%
2 - 0% - 50%
PK3 Defense
1 - 0% - 50%
2 - 0% - 50%
44 Forward
1 - 0% - 50%
2 - 0% - 50%
44 Defense
1 - 0% - 50%
2 - 0% - 50%
Last Minute Offensive - 0:00
Last Minute Defensive - 0:00
Total
Forward - 60:00
Defense - 60:00
|
Play-by-Play
1st period
0:01 of 1st period - Cutter Gauthier wins face-off versus Elias Lindholm in neutral zone.
0:10 of 1st period - Snap shot by Elias Lindholm.
0:10 of 1st period - Shot Misses the Net.
0:12 of 1st period - Slapshot by Dougie Hamilton.
0:12 of 1st period - Deflect By Elias Lindholm.
0:12 of 1st period - Shot Misses the Net.
0:12 of 1st period - Puck is out of play.
0:13 of 1st period - Cole Sillinger wins face-off versus Luke Kunin in Detroit Red Wings zone.
1:06 of 1st period - Slapshot by Jonatan Berggren.
1:06 of 1st period - Stopped by Laurent Brossoit with a rebound.
1:08 of 1st period - Snap shot by Joel Kiviranta.
1:08 of 1st period - Stopped by Laurent Brossoit with a rebound.
1:51 of 1st period - Snap shot by Jordan Martinook.
1:51 of 1st period - Stopped by Laurent Brossoit with a rebound.
3:09 of 1st period - Minor Penalty to Shayne Gostisbehere for Holding Stick.
3:10 of 1st period - Elias Lindholm wins face-off versus Steven Stamkos in Detroit Red Wings zone.
3:14 of 1st period - Slapshot by Brendan Gallagher.
3:14 of 1st period - Stopped by Laurent Brossoit with a rebound.
3:16 of 1st period - Slapshot by Trevor van Riemsdyk.
3:16 of 1st period - Stopped by Laurent Brossoit with a rebound.
3:18 of 1st period - Slapshot by Trevor van Riemsdyk.
3:18 of 1st period - Stopped by Laurent Brossoit with a rebound.
5:09 of 1st period - Penalty to Shayne Gostisbehere is over, Shayne Gostisbehere is back on ice.
5:43 of 1st period - Snap shot by Joel Kiviranta.
5:43 of 1st period - Goal by Joel Kiviranta - Detroit Red Wings : 0 - Dallas Stars : 1.
5:44 of 1st period - Jordan Greenway wins face-off versus Steven Stamkos in neutral zone.
6:09 of 1st period - Jackson LaCombe is hit by Brendan Gallagher and loses puck.
7:03 of 1st period - Rasmus Ristolainen is hit by Vasili Podkolzin.
7:33 of 1st period - Rasmus Ristolainen is hit by Cole Sillinger and loses puck.
8:30 of 1st period - Snap shot by Jordan Martinook.
8:30 of 1st period - Stopped by Laurent Brossoit with a rebound.
8:42 of 1st period - Minor Penalty to Jordan Greenway for Holding.
8:43 of 1st period - Elias Lindholm wins face-off versus Steven Stamkos in Dallas Stars zone.
8:58 of 1st period - Snap shot by Patrick Kane.
8:58 of 1st period - Stopped by Alex Lyon without a rebound.
8:59 of 1st period - Elias Lindholm wins face-off versus Cole Sillinger in Dallas Stars zone.
9:05 of 1st period - Icing by Shayne Gostisbehere.
9:06 of 1st period - Cole Sillinger wins face-off versus Jordan Martinook in Detroit Red Wings zone.
9:30 of 1st period - Off-side.
9:31 of 1st period - Elias Lindholm wins face-off versus Steven Stamkos in neutral zone.
9:36 of 1st period - Snap shot by Josh Anderson.
9:36 of 1st period - Stopped by Laurent Brossoit with a rebound.
9:38 of 1st period - Slapshot by Rasmus Ristolainen.
9:38 of 1st period - Stopped by Laurent Brossoit with a rebound.
9:40 of 1st period - Wrist shot by Elias Lindholm.
9:40 of 1st period - Deflect By Steven Stamkos.
9:40 of 1st period - Goal by Elias Lindholm - Detroit Red Wings : 0 - Dallas Stars : 2.
9:41 of 1st period - Cole Sillinger wins face-off versus Elias Lindholm in neutral zone.
9:44 of 1st period - Snap shot by Cole Sillinger.
9:44 of 1st period - Stopped by Alex Lyon with a rebound.
9:48 of 1st period - Snap shot by Rasmus Kupari.
9:48 of 1st period - Deflect By Cole Sillinger.
9:48 of 1st period - Shot Misses the Net.
9:48 of 1st period - Puck is out of play.
9:49 of 1st period - Cole Sillinger wins face-off versus Elias Lindholm in Dallas Stars zone.
10:21 of 1st period - Snap shot by Tanner Pearson.
10:21 of 1st period - Goal by Tanner Pearson - Detroit Red Wings : 1 - Dallas Stars : 2.
10:22 of 1st period - Elias Lindholm wins face-off versus Steven Stamkos in neutral zone.
10:54 of 1st period - Trevor van Riemsdyk is hit by Max Pacioretty and loses puck.
11:09 of 1st period - Slapshot by Jordan Martinook.
11:09 of 1st period - Deflect By Jamie Drysdale.
11:09 of 1st period - Stopped by Laurent Brossoit with a rebound.
11:11 of 1st period - Snap shot by Jack Drury.
11:11 of 1st period - Shot Misses the Net.
11:13 of 1st period - Wrist shot by Jakob Chychrun.
11:13 of 1st period - Stopped by Laurent Brossoit with a rebound.
11:33 of 1st period - Cam York is hit by Steven Stamkos.
11:45 of 1st period - Joel Kiviranta is hit by Jamie Drysdale and loses puck.
12:18 of 1st period - Luke Kunin is hit by Max Pacioretty and loses puck.
12:52 of 1st period - Slapshot by Kevin Stenlund.
12:52 of 1st period - Deflect By Peyton Krebs.
12:52 of 1st period - Stopped by Alex Lyon with a rebound.
13:20 of 1st period - Vasili Podkolzin is hit by Josh Anderson.
13:28 of 1st period - Snap shot by Elias Lindholm.
13:28 of 1st period - Shot Misses the Net.
13:30 of 1st period - Snap shot by Josh Anderson.
13:30 of 1st period - Goal by Josh Anderson - Detroit Red Wings : 1 - Dallas Stars : 3.
13:31 of 1st period - Elias Lindholm wins face-off versus Cole Sillinger in neutral zone.
13:42 of 1st period - Snap shot by Elias Lindholm.
13:42 of 1st period - Stopped by Laurent Brossoit without a rebound.
13:43 of 1st period - Steven Stamkos wins face-off versus Jack Drury in Detroit Red Wings zone.
13:43 of 1st period - Steven Stamkos is hit by Arber Xhekaj.
14:16 of 1st period - Slapshot by Brendan Gallagher.
14:16 of 1st period - Shot Blocked by Ryan Graves.
14:38 of 1st period - Shayne Gostisbehere is hit by Luke Kunin and loses puck.
15:39 of 1st period - Wrist shot by Elias Lindholm.
15:39 of 1st period - Shot Misses the Net.
15:41 of 1st period - Snap shot by Brendan Gallagher.
15:41 of 1st period - Goal by Brendan Gallagher - Detroit Red Wings : 1 - Dallas Stars : 4.
15:42 of 1st period - Elias Lindholm wins face-off versus Cole Sillinger in neutral zone.
16:18 of 1st period - Slapshot by Steven Stamkos.
16:18 of 1st period - Shot Misses the Net.
16:20 of 1st period - Slapshot by Jackson LaCombe.
16:20 of 1st period - Stopped by Alex Lyon with a rebound.
16:22 of 1st period - Slapshot by Ryan Graves.
16:22 of 1st period - Stopped by Alex Lyon with a rebound.
16:32 of 1st period - Shayne Gostisbehere is hit by Jordan Greenway and loses puck.
16:37 of 1st period - Wrist shot by Luke Kunin.
16:37 of 1st period - Deflect By Jordan Greenway.
16:37 of 1st period - Shot Hit the Post.
16:37 of 1st period - Puck is out of play.
16:38 of 1st period - Elias Lindholm wins face-off versus Max Pacioretty in Detroit Red Wings zone.
16:39 of 1st period - Wrist shot by Josh Anderson.
16:39 of 1st period - Stopped by Laurent Brossoit with a rebound.
17:31 of 1st period - Wrist shot by Alex Iafallo.
17:31 of 1st period - Stopped by Laurent Brossoit without a rebound.
17:32 of 1st period - Jack Drury wins face-off versus Cole Sillinger in Detroit Red Wings zone.
17:34 of 1st period - Minor Penalty to Jackson LaCombe for Cross-checking.
17:35 of 1st period - Luke Kunin wins face-off versus Cole Sillinger in Detroit Red Wings zone.
17:43 of 1st period - Backhand shot by Jordan Martinook.
17:43 of 1st period - Deflect By Jordan Greenway.
17:43 of 1st period - Stopped by Laurent Brossoit with a rebound.
18:16 of 1st period - Snap shot by Steven Stamkos.
18:16 of 1st period - Shot Blocked by Dougie Hamilton.
18:22 of 1st period - Jordan Greenway is hit by Steven Stamkos and loses puck.
19:34 of 1st period - Penalty to Jackson LaCombe is over, Jackson LaCombe is back on ice.
Goals for this period are 1 for Detroit Red Wings vs 4 for Dallas Stars.
Shots for this period are 6 for Detroit Red Wings vs 19 for Dallas Stars.
2nd period
0:01 of 2nd period - Luke Kunin wins face-off versus Cole Sillinger in neutral zone.
0:08 of 2nd period - Snap shot by Jordan Martinook.
0:08 of 2nd period - Shot Blocked by Tanner Pearson.
0:26 of 2nd period - Jackson LaCombe is hit by Elias Lindholm and loses puck.
0:35 of 2nd period - Snap shot by Elias Lindholm.
0:35 of 2nd period - Stopped by Laurent Brossoit without a rebound.
0:36 of 2nd period - Jack Drury wins face-off versus Cole Sillinger in Detroit Red Wings zone.
0:37 of 2nd period - Snap shot by Trent Frederic.
0:37 of 2nd period - Shot Misses the Net.
0:47 of 2nd period - Snap shot by Max Pacioretty.
0:47 of 2nd period - Shot Misses the Net.
1:03 of 2nd period - Slapshot by Elias Lindholm.
1:03 of 2nd period - Shot Misses the Net.
1:11 of 2nd period - Snap shot by Elias Lindholm.
1:11 of 2nd period - Stopped by Laurent Brossoit with a rebound.
1:37 of 2nd period - Snap shot by Jonatan Berggren.
1:37 of 2nd period - Shot Misses the Net.
1:47 of 2nd period - Slapshot by Dougie Hamilton.
1:47 of 2nd period - Shot Blocked by Shayne Gostisbehere.
1:49 of 2nd period - Wrist shot by Jordan Greenway.
1:49 of 2nd period - Goal by Jordan Greenway - Detroit Red Wings : 1 - Dallas Stars : 5.
1:50 of 2nd period - Cole Sillinger wins face-off versus Luke Kunin in neutral zone.
1:59 of 2nd period - Luke Kunin is hit by Jackson LaCombe and loses puck.
2:40 of 2nd period - Ryan Graves is hit by Jordan Greenway and loses puck.
3:19 of 2nd period - Snap shot by Vasili Podkolzin.
3:19 of 2nd period - Stopped by Alex Lyon without a rebound.
3:20 of 2nd period - Cole Sillinger wins face-off versus Elias Lindholm in Dallas Stars zone.
3:52 of 2nd period - Off-side.
3:53 of 2nd period - Steven Stamkos wins face-off versus Jack Drury in neutral zone.
3:56 of 2nd period - Slapshot by Steven Stamkos.
3:56 of 2nd period - Shot Misses the Net.
4:27 of 2nd period - Snap shot by Tanner Pearson.
4:27 of 2nd period - Stopped by Alex Lyon without a rebound.
4:28 of 2nd period - Kevin Stenlund wins face-off versus Jack Drury in Dallas Stars zone.
4:53 of 2nd period - Snap shot by Philip Tomasino.
4:53 of 2nd period - Stopped by Laurent Brossoit with a rebound.
5:21 of 2nd period - Snap shot by Patrick Kane.
5:21 of 2nd period - Stopped by Alex Lyon without a rebound.
5:22 of 2nd period - Steven Stamkos wins face-off versus Elias Lindholm in Dallas Stars zone.
5:29 of 2nd period - Snap shot by Cutter Gauthier.
5:29 of 2nd period - Shot Misses the Net.
5:31 of 2nd period - Snap shot by Cutter Gauthier.
5:31 of 2nd period - Stopped by Alex Lyon without a rebound.
5:32 of 2nd period - Steven Stamkos wins face-off versus Elias Lindholm in Dallas Stars zone.
5:45 of 2nd period - Wrist shot by Patrick Kane.
5:45 of 2nd period - Shot Blocked by Jakob Chychrun.
5:53 of 2nd period - Slapshot by Steven Stamkos.
5:53 of 2nd period - Shot Misses the Net.
6:09 of 2nd period - Wrist shot by Steven Stamkos.
6:09 of 2nd period - Stopped by Alex Lyon with a rebound.
6:11 of 2nd period - Slapshot by Patrick Kane.
6:11 of 2nd period - Shot Misses the Net.
6:39 of 2nd period - Snap shot by Steven Stamkos.
6:39 of 2nd period - Shot Misses the Net.
6:43 of 2nd period - Slapshot by Patrick Kane.
6:43 of 2nd period - Stopped by Alex Lyon with a rebound.
6:45 of 2nd period - Snap shot by Cutter Gauthier.
6:45 of 2nd period - Stopped by Alex Lyon with a rebound.
6:49 of 2nd period - Slapshot by Steven Stamkos.
6:49 of 2nd period - Shot Misses the Net.
6:51 of 2nd period - Wrist shot by Cutter Gauthier.
6:51 of 2nd period - Stopped by Alex Lyon with a rebound.
6:53 of 2nd period - Snap shot by Patrick Kane.
6:53 of 2nd period - Stopped by Alex Lyon with a rebound.
6:55 of 2nd period - Wrist shot by Steven Stamkos.
6:55 of 2nd period - Deflect By Brendan Gallagher.
6:55 of 2nd period - Shot Misses the Net.
6:55 of 2nd period - Puck is out of play.
6:56 of 2nd period - Jack Drury wins face-off versus Max Pacioretty in Dallas Stars zone.
7:21 of 2nd period - Jordan Greenway is hit by Peyton Krebs and loses puck.
7:46 of 2nd period - Slapshot by Luke Kunin.
7:46 of 2nd period - Shot Misses the Net.
7:48 of 2nd period - Snap shot by Jonatan Berggren.
7:48 of 2nd period - Shot Misses the Net.
7:50 of 2nd period - Slapshot by Rasmus Ristolainen.
7:50 of 2nd period - Stopped by Laurent Brossoit with a rebound.
7:52 of 2nd period - Slapshot by Jonatan Berggren.
7:52 of 2nd period - Stopped by Laurent Brossoit with a rebound.
7:54 of 2nd period - Snap shot by Rasmus Ristolainen.
7:54 of 2nd period - Stopped by Laurent Brossoit without a rebound.
7:54 of 2nd period - Laurent Brossoit from Detroit Red Wings is injured at 7:54 of 2nd period (Bruised Left Foot).
7:54 of 2nd period - Vitek Vanecek enters game.
7:55 of 2nd period - Jack Drury wins face-off versus Cole Sillinger in Detroit Red Wings zone.
8:25 of 2nd period - Backhand shot by Luke Kunin.
8:25 of 2nd period - Shot Misses the Net.
8:27 of 2nd period - Slapshot by Arber Xhekaj.
8:27 of 2nd period - Deflect By Luke Kunin.
8:27 of 2nd period - Shot Misses the Net.
8:27 of 2nd period - Puck is out of play.
8:28 of 2nd period - Steven Stamkos wins face-off versus Jack Drury in Detroit Red Wings zone.
9:05 of 2nd period - Backhand shot by Elias Lindholm.
9:05 of 2nd period - Stopped by Vitek Vanecek with a rebound.
9:25 of 2nd period - Slapshot by Max Pacioretty.
9:25 of 2nd period - Shot Misses the Net.
9:45 of 2nd period - Backhand shot by Joel Kiviranta.
9:45 of 2nd period - Shot Misses the Net.
9:47 of 2nd period - Slapshot by Dougie Hamilton.
9:47 of 2nd period - Shot Misses the Net.
9:49 of 2nd period - Wrist shot by Joel Kiviranta.
9:49 of 2nd period - Stopped by Vitek Vanecek with a rebound.
10:05 of 2nd period - Slapshot by Jackson LaCombe.
10:05 of 2nd period - Stopped by Alex Lyon without a rebound.
10:05 of 2nd period - Minor Penalty to Alex Lyon for Slashing.
10:06 of 2nd period - Steven Stamkos wins face-off versus Elias Lindholm in Dallas Stars zone.
10:17 of 2nd period - Trevor van Riemsdyk is hit by Steven Stamkos and loses puck.
10:37 of 2nd period - Slapshot by Brendan Gallagher.
10:37 of 2nd period - Stopped by Vitek Vanecek with a rebound.
12:05 of 2nd period - Penalty to Trent Frederic is over, Trent Frederic is back on ice.
12:05 of 2nd period - Slapshot by Jamie Drysdale.
12:05 of 2nd period - Shot Blocked by Jack Drury.
12:39 of 2nd period - Snap shot by Kasperi Kapanen.
12:39 of 2nd period - Shot Misses the Net.
13:08 of 2nd period - Slapshot by Jack Drury.
13:08 of 2nd period - Deflect By Jordan Greenway.
13:08 of 2nd period - Shot Misses the Net.
13:08 of 2nd period - Puck is out of play.
13:09 of 2nd period - Cole Sillinger wins face-off versus Joel Kiviranta in Detroit Red Wings zone.
13:34 of 2nd period - Jamie Drysdale is hit by Elias Lindholm and loses puck.
13:35 of 2nd period - Jamie Drysdale from Detroit Red Wings is injured at 13:35 of 2nd period (Bruised Left Leg).
13:36 of 2nd period - Cole Sillinger wins face-off versus Luke Kunin in Detroit Red Wings zone.
13:36 of 2nd period - Cole Sillinger is hit by Luke Kunin.
13:51 of 2nd period - Minor Penalty to Ryan Graves for High sticking.
13:52 of 2nd period - Cole Sillinger wins face-off versus Luke Kunin in Detroit Red Wings zone.
14:18 of 2nd period - Josh Anderson is hit by Shayne Gostisbehere.
15:51 of 2nd period - Penalty to Ryan Graves is over, Ryan Graves is back on ice.
15:58 of 2nd period - Yakov Trenin is hit by Rasmus Ristolainen and loses puck.
15:59 of 2nd period - Yakov Trenin from Detroit Red Wings is injured at 15:59 of 2nd period (Left Hand).
16:00 of 2nd period - Cole Sillinger wins face-off versus Jack Drury in Detroit Red Wings zone.
16:19 of 2nd period - Jack Drury is hit by Cole Sillinger and loses puck.
16:38 of 2nd period - Slapshot by Shayne Gostisbehere.
16:38 of 2nd period - Stopped by Alex Lyon without a rebound.
16:39 of 2nd period - Steven Stamkos wins face-off versus Elias Lindholm in Dallas Stars zone.
16:46 of 2nd period - Snap shot by Steven Stamkos.
16:46 of 2nd period - Stopped by Alex Lyon with a rebound.
17:10 of 2nd period - Slapshot by Jakob Chychrun.
17:10 of 2nd period - Stopped by Vitek Vanecek without a rebound.
17:11 of 2nd period - Cole Sillinger wins face-off versus Luke Kunin in Detroit Red Wings zone.
17:16 of 2nd period - Snap shot by Luke Kunin.
17:16 of 2nd period - Stopped by Vitek Vanecek with a rebound.
17:18 of 2nd period - Wrist shot by Jordan Martinook.
17:18 of 2nd period - Deflect By Tanner Pearson.
17:18 of 2nd period - Stopped by Vitek Vanecek with a rebound.
17:20 of 2nd period - Snap shot by Jordan Greenway.
17:20 of 2nd period - Shot Blocked by Shayne Gostisbehere.
17:22 of 2nd period - Snap shot by Jordan Greenway.
17:22 of 2nd period - Stopped by Vitek Vanecek with a rebound.
17:24 of 2nd period - Slapshot by Luke Kunin.
17:24 of 2nd period - Goal by Luke Kunin - Detroit Red Wings : 1 - Dallas Stars : 6.
17:25 of 2nd period - Jack Drury wins face-off versus Cole Sillinger in neutral zone.
17:49 of 2nd period - Icing by Cole Sillinger.
17:50 of 2nd period - Jordan Martinook wins face-off versus Kevin Stenlund in Detroit Red Wings zone.
18:03 of 2nd period - Snap shot by Luke Kunin.
18:03 of 2nd period - Shot Misses the Net.
18:23 of 2nd period - Slapshot by Brendan Gallagher.
18:23 of 2nd period - Stopped by Vitek Vanecek with a rebound.
18:42 of 2nd period - Slapshot by Shayne Gostisbehere.
18:42 of 2nd period - Stopped by Alex Lyon with a rebound.
19:04 of 2nd period - Dougie Hamilton is hit by Shayne Gostisbehere and loses puck.
Goals for this period are 0 for Detroit Red Wings vs 2 for Dallas Stars.
Shots for this period are 13 for Detroit Red Wings vs 16 for Dallas Stars.
3rd period
0:01 of 3rd period - Jack Drury wins face-off versus Cole Sillinger in neutral zone.
0:11 of 3rd period - Icing by Ryan Graves.
0:12 of 3rd period - Luke Kunin wins face-off versus Cole Sillinger in Detroit Red Wings zone.
1:44 of 3rd period - Slapshot by Rasmus Kupari.
1:44 of 3rd period - Stopped by Alex Lyon without a rebound.
1:45 of 3rd period - Luke Kunin wins face-off versus Steven Stamkos in Dallas Stars zone.
1:57 of 3rd period - Snap shot by Jordan Martinook.
1:57 of 3rd period - Stopped by Vitek Vanecek without a rebound.
1:58 of 3rd period - Jack Drury wins face-off versus Cole Sillinger in Detroit Red Wings zone.
2:05 of 3rd period - Snap shot by Trent Frederic.
2:05 of 3rd period - Goal by Trent Frederic - Detroit Red Wings : 1 - Dallas Stars : 7.
2:06 of 3rd period - Cole Sillinger wins face-off versus Luke Kunin in neutral zone.
2:13 of 3rd period - Cole Sillinger beats up Jordan Greenway.
2:13 of 3rd period - Penalty to Jordan Greenway for Fighting.
2:13 of 3rd period - Penalty to Cole Sillinger for Fighting.
2:14 of 3rd period - Jack Drury wins face-off versus Tanner Pearson in Dallas Stars zone.
2:27 of 3rd period - Off-side.
2:28 of 3rd period - Luke Kunin wins face-off versus Steven Stamkos in neutral zone.
2:43 of 3rd period - Slapshot by Steven Stamkos.
2:43 of 3rd period - Deflect By Patrick Kane.
2:43 of 3rd period - Shot Misses the Net.
2:43 of 3rd period - Puck is out of play.
2:44 of 3rd period - Kevin Stenlund wins face-off versus Elias Lindholm in Dallas Stars zone.
3:16 of 3rd period - Snap shot by Steven Stamkos.
3:16 of 3rd period - Shot Misses the Net.
3:18 of 3rd period - Slapshot by Shayne Gostisbehere.
3:18 of 3rd period - Stopped by Alex Lyon with a rebound.
3:32 of 3rd period - Snap shot by Rasmus Kupari.
3:32 of 3rd period - Stopped by Alex Lyon with a rebound.
3:34 of 3rd period - Slapshot by Ryan Graves.
3:34 of 3rd period - Shot Blocked by Philip Tomasino.
4:14 of 3rd period - Snap shot by Jordan Martinook.
4:14 of 3rd period - Stopped by Vitek Vanecek with a rebound.
4:16 of 3rd period - Wrist shot by Jordan Martinook.
4:16 of 3rd period - Stopped by Vitek Vanecek with a rebound.
4:38 of 3rd period - Slapshot by Jakob Chychrun.
4:38 of 3rd period - Shot Blocked by Vasili Podkolzin.
4:40 of 3rd period - Slapshot by Philip Tomasino.
4:40 of 3rd period - Shot Blocked by Shayne Gostisbehere.
4:42 of 3rd period - Slapshot by Joel Kiviranta.
4:42 of 3rd period - Stopped by Vitek Vanecek without a rebound.
4:43 of 3rd period - Philip Tomasino wins face-off versus Steven Stamkos in Detroit Red Wings zone.
4:50 of 3rd period - Joel Kiviranta is hit by Cutter Gauthier and loses puck.
4:54 of 3rd period - Cam York and Jayden Struble fight to a draw.
4:54 of 3rd period - Penalty to Cam York for Fighting.
4:54 of 3rd period - Penalty to Jayden Struble for Fighting.
4:55 of 3rd period - Jack Drury wins face-off versus Max Pacioretty in Dallas Stars zone.
5:04 of 3rd period - Tanner Pearson is hit by Alex Iafallo and loses puck.
5:21 of 3rd period - Cutter Gauthier is hit by Luke Kunin and loses puck.
5:44 of 3rd period - Brendan Gallagher is hit by Kasperi Kapanen and loses puck.
6:57 of 3rd period - Jakob Chychrun is hit by Max Pacioretty and loses puck.
7:10 of 3rd period - Shayne Gostisbehere is hit by Arber Xhekaj and loses puck.
7:29 of 3rd period - Vasili Podkolzin is hit by Jordan Martinook and loses puck.
7:48 of 3rd period - Trevor van Riemsdyk is hit by Cole Sillinger.
7:52 of 3rd period - Max Pacioretty is hit by Arber Xhekaj and loses puck.
8:07 of 3rd period - Elias Lindholm is hit by Rasmus Kupari and loses puck.
8:42 of 3rd period - Steven Stamkos is hit by Trent Frederic and loses puck.
9:57 of 3rd period - Peyton Krebs is hit by Arber Xhekaj.
12:11 of 3rd period - Ryan Graves is hit by Arber Xhekaj and loses puck.
12:49 of 3rd period - Patrick Kane is hit by Jonatan Berggren and loses puck.
12:58 of 3rd period - Snap shot by Dougie Hamilton.
12:58 of 3rd period - Stopped by Vitek Vanecek without a rebound.
12:59 of 3rd period - Rasmus Kupari wins face-off versus Jordan Martinook in Detroit Red Wings zone.
13:06 of 3rd period - Jackson LaCombe is hit by Jordan Greenway and loses puck.
13:24 of 3rd period - Jack Drury is hit by Kevin Stenlund and loses puck.
13:45 of 3rd period - Snap shot by Josh Anderson.
13:45 of 3rd period - Stopped by Vitek Vanecek with a rebound.
14:59 of 3rd period - Slapshot by Alex Iafallo.
14:59 of 3rd period - Stopped by Vitek Vanecek with a rebound.
15:01 of 3rd period - Wrist shot by Trent Frederic.
15:01 of 3rd period - Stopped by Vitek Vanecek with a rebound.
15:24 of 3rd period - Kevin Stenlund is hit by Josh Anderson and loses puck.
15:31 of 3rd period - Trevor van Riemsdyk is hit by Ryan Graves and loses puck.
15:36 of 3rd period - Wrist shot by Peyton Krebs.
15:36 of 3rd period - Shot Misses the Net.
15:40 of 3rd period - Wrist shot by Peyton Krebs.
15:40 of 3rd period - Stopped by Alex Lyon with a rebound.
15:48 of 3rd period - Wrist shot by Vasili Podkolzin.
15:48 of 3rd period - Stopped by Alex Lyon without a rebound.
15:49 of 3rd period - Tanner Pearson wins face-off versus Luke Kunin in Dallas Stars zone.
15:52 of 3rd period - Slapshot by Cutter Gauthier.
15:52 of 3rd period - Stopped by Alex Lyon without a rebound.
15:53 of 3rd period - Luke Kunin wins face-off versus Cutter Gauthier in Dallas Stars zone.
16:09 of 3rd period - Wrist shot by Cutter Gauthier.
16:09 of 3rd period - Stopped by Alex Lyon with a rebound.
17:00 of 3rd period - Ryan Graves is hit by Rasmus Ristolainen and loses puck.
19:01 of 3rd period - Icing by Jayden Struble.
19:02 of 3rd period - Luke Kunin wins face-off versus Cole Sillinger in Detroit Red Wings zone.
19:05 of 3rd period - Slapshot by Luke Kunin.
19:05 of 3rd period - Stopped by Vitek Vanecek without a rebound.
19:06 of 3rd period - Steven Stamkos wins face-off versus Jordan Greenway in Detroit Red Wings zone.
19:06 of 3rd period - Steven Stamkos is hit by Arber Xhekaj.
19:14 of 3rd period - Snap shot by Steven Stamkos.
19:14 of 3rd period - Shot Misses the Net.
19:20 of 3rd period - Snap shot by Jordan Martinook.
19:20 of 3rd period - Shot Misses the Net.
19:22 of 3rd period - Wrist shot by Cam York.
19:22 of 3rd period - Shot Blocked by Ryan Graves.
Goals for this period are 0 for Detroit Red Wings vs 1 for Dallas Stars.
Shots for this period are 7 for Detroit Red Wings vs 10 for Dallas Stars.
Back to the Top